AoeStats
← johnnyt27

Yucatan

510418558Analyzed
2v2 RM · 2d ago on Sep 30, 2026· 63m 6s· 4 players
Game mode
Random Map
Map size
Medium (4 player)
Population
200
Speed
Normal
Resources
Standard
Victory
Conquest
Starting age
Dark Age
Ending age
Imperial Age
RankedLock teamsTeams togetherTeam positionsShared explorationLock speedFull tech treeHidden civsTurbo modeCheats
Victory
Defeat
🇩🇴 Portuguese · Dominican Republic
709
+16
🇺🇸 Byzantines · United States
705
+16
🇹🇷 Persians · Türkiye
726
-17
🇺🇸 Lithuanians · United States
691
-15
Castle Drop Victim
0:32 Loom
13:36 Feudal Age
19:50 Castle Age
18:09 Double-Bit Axe
18:06 Horse Collar
18:33 Stone Mining
19:19 Gold Mining
20:14 Wheelbarrow
22:13 Bow Saw
23:07 Hand Cart
23:02 Heavy Plow
26:05 Stone Shaft Mining
27:32 Pikeman
28:13 Squires
27:58 Arson
27:56 Elite Skirmisher
31:50 Fletching
32:01 Padded Archer Armor
32:12 Forging
32:02 Scale Mail Armor
33:26 Bodkin Arrow
34:34 Gold Shaft Mining
37:22 Ballistics
36:43 Treadmill Crane
39:39 Imperial Age
37:20 Thumb Ring
38:40 Leather Archer Armor
38:40 Chain Mail Armor
39:01 Iron Casting
40:59 Conscription
41:00 Bracer
41:31 Ring Archer Armor
41:32 Plate Mail Armor
43:11 Halberdier
47:05 Chemistry
50:12 Two-Man Saw
49:46 Crop Rotation
49:30 Murder Holes
49:56 Bombard Tower
50:38 Caravan
62:10 Guilds
62:09 Scale Barding Armor
63:13 Hoardings
a.mglass
1:21 Loom
13:01 Feudal Age
15:43 Double-Bit Axe
17:46 Wheelbarrow
21:00 Castle Age
19:28 Man-at-Arms
19:54 Arson
20:24 Forging
20:15 Scale Mail Armor
20:06 Fletching
20:42 Stone Mining
21:06 Gold Mining
22:44 Horse Collar
24:30 Heavy Plow
25:12 Bow Saw
25:33 Elite Skirmisher
28:13 Stone Shaft Mining
28:30 Husbandry
28:17 Gambesons
30:56 Hand Cart
31:28 Long Swordsman
31:57 Pikeman
37:19 Imperial Age
37:41 Halberdier
37:41 Two-Handed Swordsman
38:50 Cavalier
40:18 Crop Rotation
40:36 Bodkin Arrow
41:16 Iron Casting
40:46 Scale Barding Armor
40:43 Padded Archer Armor
44:55 Two-Man Saw
43:55 Capped Ram
46:29 Chain Mail Armor
46:20 Scale Barding Armor
46:30 Leather Archer Armor
47:16 Blast Furnace
52:12 Caravan
54:54 Plate Mail Armor
54:44 Chain Barding Armor
54:55 Ring Archer Armor
54:25 Bracer
57:29 Plate Barding Armor
56:48 Champion
62:09 Chemistry
61:30 Ballistics
61:00 Heated Shot
61:06 Murder Holes
61:09 Onager
castle_master
2:27 Loom
13:07 Feudal Age
15:12 Wheelbarrow
14:20 Horse Collar
15:15 Double-Bit Axe
19:25 Arson
19:01 Man-at-Arms
21:18 Gold Mining
21:20 Stone Mining
24:25 Castle Age
24:29 Forging
24:19 Scale Mail Armor
24:25 Scale Barding Armor
26:00 Heavy Plow
26:35 Bow Saw
29:37 Hand Cart
30:15 Squires
30:01 Gambesons
32:49 Husbandry
36:01 Kamandaran
47:46 Imperial Age
47:20 Iron Casting
47:01 Chain Mail Armor
47:06 Chain Barding Armor
47:19 Coinage
46:50 Caravan
48:39 Citadels
50:15 Blast Furnace
49:46 Plate Mail Armor
50:36 Cavalier
53:37 Elite War Elephant
54:41 Devotion
55:18 Theocracy
54:54 Fervor
54:59 Block Printing
54:56 Masonry
54:37 Guard Tower
55:08 Ballistics
55:12 Sappers
56:03 Conscription
58:24 Hoardings
61:37 Stone Shaft Mining
61:38 Gold Shaft Mining
johnnyt27
10:12 Loom
14:27 Feudal Age
22:19 Castle Age
20:30 Double-Bit Axe
20:29 Horse Collar
20:40 Gold Mining
20:41 Stone Mining
21:58 Wheelbarrow
22:07 Forging
21:49 Fletching
22:05 Town Watch
27:14 Imperial Age
25:31 Heavy Plow
26:19 Forging
25:59 Fletching
29:57 Crop Rotation
30:27 Bodkin Arrow
30:14 Man-at-Arms
31:30 Crossbowman
31:34 Elite Skirmisher
35:57 Conscription
40:54 Padded Archer Armor
41:27 Bow Saw
41:26 Thumb Ring
41:19 Pikeman
45:28 Leather Archer Armor
45:13 Bracer
47:10 Iron Casting
Connection lost

Rejoining the realm…

Still unreachable

The connection could not be restored.

Session expired

The server has moved on; the page needs a fresh start.